 Dungeon Crawl Stone Soup version 0.28.0-45-g0d030f2227 (webtiles) character file.

Game seed: 2743222658955062379

86 4FPSwarrior the Conjurer (level 4, 0/26 HPs)
             Began as a Tengu Conjurer on Apr 3, 2022.
             Shot with an arrow by a centaur (8 damage)
             ... on level 3 of the Dungeon.
             The game lasted 00:05:29 (2292 turns).

4FPSwarrior the Conjurer (Tengu Conjurer)           Turns: 2292, Time: 00:05:30

Health: 0/26       AC:  2    Str:  8    XL:     4   Next: 49%
Magic:  7/9        EV: 12    Int: 18    God:
Gold:   161        SH:  0    Dex: 14    Spells: 7/8 levels left

rFire   . . .      SeeInvis .   d - +1 falchion (vorpal)
rCold   . . .      Faith    .   (no shield)
rNeg    . . .      Spirit   .   a - +0 robe
rPois   .          Reflect  .   (helmet restricted)
rElec   .          Harm     .   (no cloak)
rCorr   .          Rampage  .   (no gloves)
Will    .....                   (boots unavailable)
Stlth   ++........              (no amulet)
HPRegen 0.08/turn               e - ring of wizardry
MPRegen 0.11/turn               (no ring)

@: no status effects
A: beak, talons 3
a: no special abilities


You were on level 3 of the Dungeon.
You visited 1 branch of the dungeon, and saw 3 of its levels.

You collected 161 gold pieces.

Inventory:

Hand Weapons
 d - a +1 vorpal falchion (weapon)
 h - a +0 dagger of electrocution
Armour
 a - a +0 robe (worn)
Magical Staves
 m - a staff of air
Jewellery
 e - a ring of wizardry (left hand)
 l - an amulet of regeneration
Scrolls
 c - 3 scrolls of vulnerability {unknown}
 i - a scroll of fear {unknown}
 j - 3 scrolls of identify {unknown}
Potions
 b - 2 potions of curing
 f - 2 potions of might {unknown}
 g - 3 potions of resistance {unknown}
 k - 2 potions of heal wounds {unknown}


   Skills:
 + Level 1.9 Fighting
 + Level 1.7 Long Blades
 - Level 2.1 Dodging
 - Level 2.0 Stealth
 + Level 2.7 Spellcasting
 + Level 6.0 Conjurations


You had 7 spell levels left.
You knew the following spells:

 Your Spells              Type           Power      Damage    Failure   Level
a - Magic Dart            Conj           96%        1d7       1%          1

Your spell library contained the following spells:

 Spells                   Type           Power      Damage    Failure   Level
 Searing Ray              Conj           48%        2d6       1%          2
 Dazzling Flash           Conj/Hex       26%        N/A       6%          3
 Fulminant Prism          Conj/Hex       6%         3d7       19%         4
 Iskenderun's Mystic Bla  Conj/Tloc      13%        2d5       19%         4


Dungeon Overview and Level Annotations

Branches:
Dungeon (3/15)

Altars:


Innate Abilities, Weirdness & Mutations

You have a beak for a mouth.
You have claws for feet.


Message History

Aim: a dart slug (almost dead, 100% to hit)
The magic dart hits the dart slug!
You kill the dart slug!
You now have 161 gold pieces (gained 7).
A rat comes into view.
Casting: Magic Dart (safe; 1% risk of failure)
Confirm with . or Enter, or press ? or * to list all spells.
Aiming: Magic Dart (safe; 1% risk of failure)
Press: ? - help, Shift-Dir - straight line, f - rat
Aim: a rat (asleep, 100% to hit)
The magic dart hits the rat.
You kill the rat!
A centaur comes into view.
Found a dagger.
Casting: Magic Dart (safe; 1% risk of failure)
Confirm with . or Enter, or press ? or * to list all spells.
Aiming: Magic Dart (safe; 1% risk of failure)
Press: ? - help, Shift-Dir - straight line, f - centaur
Aim: a centaur, quivering arrows (asleep, 100% to hit)
The magic dart hits the centaur!
The centaur is moderately wounded.
The centaur shouts!
The centaur wields a +0 shortbow.
The centaur shoots an arrow.
The arrow hits you!
The centaur shoots an arrow.
The arrow hits you!
Casting: Magic Dart (safe; 1% risk of failure)
Confirm with . or Enter, or press ? or * to list all spells.
Aiming: Magic Dart (safe; 1% risk of failure)
Press: ? - help, Shift-Dir - straight line, f/p - centaur
Aim: a centaur, wielding a +0 shortbow and quivering arrows (moderately wounded, 100% to hit)
The magic dart hits the centaur but does no damage.
The centaur is moderately wounded.
The centaur shoots an arrow.
The arrow closely misses you.
Okay, then.
Found a cloak.
The centaur shoots an arrow.
The arrow completely misses you.
The centaur shoots an arrow.
The arrow completely misses you.
The centaur shoots an arrow.
The arrow hits you!
* * * LOW HITPOINT WARNING * * *
It was a potion of curing.
You feel better.
The centaur shoots an arrow.
The arrow hits you!
You die...

######### [......c#
........# ........#
........########
...............#########
.......@................
#######.................
#.................
#.................
#.................
#######+#....##...
#.#....##...
#>'.(..+....
#.#....##...


You could see a centaur.

Vanquished Creatures
  An adder (D:2)
  3 worms
  2 dart slugs
  5 endoplasms
  A giant cockroach (D:3)
  3 goblins
  3 hobgoblins
  3 jackals (D:3)
  9 kobolds
  A quokka (D:1)
  9 ball pythons
  7 bats
  6 frilled lizards
  11 rats
64 creatures vanquished.

Notes
Turn   | Place    | Note
-------+----------+-------------------------------------------
     0 | D:1      | 4FPSwarrior the Tengu Conjurer began the quest for the Orb.
     0 | D:1      | Reached XP level 1. HP: 10/10 MP: 4/4
     1 | D:1      | Noticed an electric eel
   202 | D:1      | Reached XP level 2. HP: 16/16 MP: 0/6
   369 | D:1      | Found a faded altar of an unknown god.
   377 | D:1      | Reached skill level 1 in Fighting
   576 | D:1      | Reached XP level 3. HP: 20/20 MP: 5/7
   904 | D:2      | Reached skill level 1 in Long Blades
  1499 | D:2      | Reached XP level 4. HP: 25/25 MP: 4/8
  2063 | D:3      | Reached skill level 6 in Conjurations
  2287 | D:3      | Noticed a centaur
  2292 | D:3      | Shot with an arrow by a centaur

Illustrated notes

Levels and vault maps discovered:
D:1:      arrival_aquarium_a, layout_rooms, hellmonk_ecumenical_altar_zigzags
D:2:      layout_basic
D:3:      layout_basic

Skill      XL: |  1  2  3  4 |
---------------+-------------+-----
Fighting       | 1 |  1.9
Long Blades    | 1 |  1.7
Conjurations   | 6 |  6.0
Dodging        | |  2.1
Stealth        | |  2.0
Spellcasting   | |  2.7

Action                   |  1- 3 |  4- 6 || total
-------------------------+-------+-------++-------
Melee: Falchion          |     3 |     2 ||     5
       Kick              |       |     2 ||     2
 Cast: Magic Dart        |    80 |    43 ||   123
  Use: Potion            |       |     1 ||     1
Dodge: Dodged            |     1 |     5 ||     6
